 Dungeon Crawl Stone Soup version 0.29.0-15-g675c0067aa (webtiles) character file.

Game seed: 13260865103608086667

164 qw the Chopper (level 5, 0/32 HPs)
             Began as a Gargoyle Fighter on Sept 12, 2022.
             Slain by Ijyb
             ... wielding a +0 club
              (6 damage)
             ... on level 3 of the Dungeon.
             The game lasted 00:01:03 (2795 turns).

qw the Chopper (Gargoyle Fighter)                   Turns: 2795, Time: 00:01:04

Health: 0/32       AC: 16    Str: 21    XL:     5   Next: 45%
Magic:  5/5        EV:  5    Int:  9    God:
Gold:   173        SH:  4    Dex:  9    Spells: 4/4 levels left

rFire   . . .      SeeInvis .   Y - +0 war axe
rCold   + . .      Faith    .   c - +0 buckler
rNeg    + . .      Spirit   .   k - +1 plate armour
rPois   inf        Reflect  .   (no helmet)
rElec   +          Harm     .   (no cloak)
rCorr   .          Rampage  .   (no gloves)
Will    +....                   (no boots)
Stlth   ..........              (no amulet)
HPRegen 0.10/turn               i - ring of protection from cold
MPRegen 0.09/turn               n - ring of willpower

@: no status effects
A: sickness immunity, AC +4, negative energy resistance 1, electricity
resistance, torment resistance 1, petrification resistance
a: no special abilities


You were on level 3 of the Dungeon.
You visited 1 branch of the dungeon, and saw 3 of its levels.

You collected 173 gold pieces.


Innate Abilities, Weirdness & Mutations

You are immune to sickness and miasma.
Your stone body is resilient. (AC +4)
You are immune to poison.
You resist negative energy. (rN+)
You are resistant to electric shocks. (rElec)
You are resistant to unholy torment.
You are immune to petrification.


   Skills:
 - Level 3.2 Fighting
 + Level 4.6 Axes
 - Level 1.5 Throwing
 - Level 3.2 Armour
 - Level 3.2 Shields


You had 4 spell levels left.
You didn't know any spells.
Your spell library was empty.

Inventory:

Hand Weapons
 f - a +0 morningstar
 Y - a +0 war axe (weapon)
Missiles
 m - 2 javelins (quivered)
Armour
 c - a +0 buckler (worn)
 k - a +1 plate armour (worn)
Jewellery
 i - a ring of protection from cold (left hand)
 n - a ring of willpower (right hand)
Scrolls
 g - 2 scrolls of identify
Potions
 b - a potion of resistance {unknown}
 d - a potion of might
 e - a potion of curing {unknown}
 h - 2 potions of attraction
 j - a potion of mutation {unknown}
 l - a potion of flight {unknown}

Dungeon Overview and Level Annotations

Branches:
Dungeon (3/15)

Altars:

Annotations:
D:3 Ijyb


Message History

Ijyb is moderately wounded.
Your surroundings suddenly seem different.
A bat and a kobold come into view.
The kobold shouts!
The bat hits you but does no damage.
2712 ||| READING scroll of teleportation.
As you read the scroll of teleportation, it crumbles to dust.
You feel strangely unstable. The bat hits you.
The kobold hits you but does no damage.
You slash the kobold!
You kill the kobold!
The bat hits you but does no damage. x2
You miss the bat. The bat hits you but does no damage.
An endoplasm comes into view.
The bat barely misses you. The bat hits you but does no damage.
You slash the bat!
You kill the bat!
Your surroundings seem slightly different.
You start resting.
An endoplasm is nearby!
2718 ||| FLEEEEING.
You slash the endoplasm!
You kill the endoplasm!
You start resting.
Ijyb is nearby!
Ijyb shouts!
You closely miss Ijyb.
Ijyb is moderately wounded.
Ijyb hits you but does no damage. Ijyb hits you with a +0 club.
You hit Ijyb but do no damage.
Ijyb is moderately wounded.
Ijyb hits you but does no damage.
You hit Ijyb.
Ijyb is moderately wounded.
Ijyb hits you but does no damage.
You hit Ijyb.
Ijyb is heavily wounded.
Ijyb hits you with a +0 club.
You die...

#..# #.## ##.# #..# ##.##
##.## #..# ##.###.## #..#
##...## #<.# ##.## #..#
######.######. #..#
#.............
#..##########.###.)....(..
#..........@g.# #..#.#####
##########.#### #..#.####
#.######.......#
#...........##.#
########.#####.# #.# ##.##
#.####...### #...........
######...###


You could see Ijyb.

Vanquished Creatures
  A hound (D:3)
  An orc wizard (D:3)
  2 adders (D:2)
  A dart slug (D:2)
  6 orcs (D:3)
  4 bats
  11 endoplasms
  3 giant cockroaches
  9 goblins
  7 hobgoblins
  3 jackals (D:1)
  4 quokkas
  7 ball pythons
  2 frilled lizards
  7 kobolds
  7 rats
75 creatures vanquished.

Notes
Turn   | Place    | Note
-------+----------+-------------------------------------------
     0 | D:1      | qw the Gargoyle Fighter began the quest for the Orb.
     0 | D:1      | Reached XP level 1. HP: 14/14 MP: 1/1
     0 | D:1      | 0 ||| qw: Version: 0.1-a-119-g272c26d
     0 | D:1      | 0 ||| qw: Game counter: 10898
     0 | D:1      | 0 ||| qw: Always use a shield: true
     0 | D:1      | 0 ||| qw: God list: Okawaru
     0 | D:1      | 0 ||| qw: Allow faded altars: false
     0 | D:1      | 0 ||| qw: Do Orc after D:15 true
     0 | D:1      | 0 ||| qw: Do second Lair branch before Depths: true
     0 | D:1      | 0 ||| qw: Lair rune preference: random
     0 | D:1      | 0 ||| qw: Plans: Normal, Zot, God:TSO, Crypt, Tomb, Pan,
                  | Slime, Hells, Zig, Abyss, Orb
     0 | D:1      | 0 ||| PLANNING D:1-11
    37 | D:1      | Reached skill level 2 in Axes
    48 | D:1      | Reached XP level 2. HP: 13/19 MP: 2/2
    58 | D:1      | 58 ||| Stepping ~*~*~tactically~*~*~ (stealth).
   547 | D:1      | 547 ||| Stepping ~*~*~tactically~*~*~ (stealth).
   549 | D:1      | 549 ||| Stepping ~*~*~tactically~*~*~ (stealth).
   558 | D:1      | Reached skill level 3 in Axes
   603 | D:1      | 603 ||| Stepping ~*~*~tactically~*~*~ (stealth).
   610 | D:1      | Reached XP level 3. HP: 23/23 MP: 3/3
   880 | D:1      | 880 ||| READING 2 scrolls labelled JAUSYPNATS.
   885 | D:1      | 885 ||| READING 3 scrolls labelled TEIBOGREGA.
   886 | D:1      | 886 ||| READING scroll labelled PITWUL NUWU.
   887 | D:1      | 887 ||| READING 2 scrolls of identify.
   887 | D:1      | 887 ||| IDENTIFYING inky potion
  1068 | D:2      | Found a faded altar of an unknown god.
  1257 | D:2      | 1257 ||| Stepping ~*~*~tactically~*~*~ (stealth).
  1260 | D:2      | 1260 ||| Stepping ~*~*~tactically~*~*~ (stealth).
  1360 | D:2      | 1360 ||| Stepping ~*~*~tactically~*~*~ (stealth).
  1367 | D:2      | Reached XP level 4. HP: 28/28 MP: 4/4
  1515 | D:2      | Reached skill level 4 in Axes
  2108 | D:2      | 2108 ||| UPGRADING to +0 plate armour.
  2118 | D:2      | 2118 ||| DROPPING +0 scale mail.
  2119 | D:2      | 2119 ||| UPGRADING to ring of protection from cold.
  2120 | D:2      | 2120 ||| UPGRADING to ring of willpower.
  2121 | D:2      | 2121 ||| READING scroll labelled MODIYX KAXKAQ.
  2165 | D:3      | 2165 ||| Stepping ~*~*~tactically~*~*~ (stealth).
  2197 | D:3      | Reached skill level 1 in Throwing
  2197 | D:3      | 2197 ||| Stepping ~*~*~tactically~*~*~ (stealth).
  2266 | D:3      | 2266 ||| READING scroll of enchant armour.
  2266 | D:3      | 2266 ||| ENCHANTING +0 plate armour.
  2323 | D:3      | 2323 ||| Stepping ~*~*~tactically~*~*~ (stealth).
  2333 | D:3      | Reached XP level 5. HP: 32/32 MP: 5/5
  2342 | D:3      | 2342 ||| FLEEEEING.
  2343 | D:3      | 2343 ||| FLEEEEING.
  2344 | D:3      | 2344 ||| FLEEEEING.
  2345 | D:3      | 2345 ||| FLEEEEING.
  2346 | D:3      | 2346 ||| FLEEEEING.
  2347 | D:3      | 2347 ||| FLEEEEING.
  2348 | D:3      | 2348 ||| FLEEEEING.
  2349 | D:3      | 2349 ||| FLEEEEING.
  2350 | D:3      | 2350 ||| FLEEEEING.
  2351 | D:3      | 2351 ||| FLEEEEING.
  2367 | D:3      | 2367 ||| FLEEEEING.
  2477 | D:3      | 2477 ||| DROPPING +0 club.
  2547 | D:3      | 2547 ||| DROPPING +0 flail.
  2639 | D:3      | Noticed Ijyb
  2640 | D:3      | 2640 ||| Stepping ~*~*~tactically~*~*~ (stealth).
  2708 | D:3      | HP: 3/32 [disintegration (6)]
  2709 | D:3      | 2709 ||| READING 2 scrolls of teleportation.
  2712 | D:3      | 2712 ||| READING scroll of teleportation.
  2712 | D:3      | HP: 1/32 [bat (1)]
  2718 | D:3      | 2718 ||| FLEEEEING.
  2792 | D:3      | HP: 5/32 [Ijyb/+0 club (4)]
  2795 | D:3      | Slain by Ijyb

Levels and vault maps discovered:
D:1:      lemuel_arrival_funnel, layout_basic
D:2:      layout_basic, hellmonk_ecumenical_altar_pennies_from_heaven,
          minivault_25, minmay_increasing_density
D:3:      layout_loops_ring, uniq_ijyb

Skill      XL: |  1  2  3  4 |
---------------+-------------+-----
Axes           | 2 3 4 |  4.6
Throwing       | 1 |  1.5
Fighting       | |  3.2
Armour         | |  3.2
Shields        | |  3.2

Action                   |  1- 3 |  4- 6 || total
-------------------------+-------+-------++-------
Melee: War axe           |   114 |    97 ||   211
Throw: Javelin           |       |    14 ||    14
  Use: Scroll            |     4 |     4 ||     8
Armor: Scale mail        |    60 |     2 ||    62
       Plate armour      |       |    66 ||    66
Dodge: Dodged            |    56 |    24 ||    80
Block: Buckler           |    22 |     9 ||    31

Table legend:
 A = Non-vault XP
 B = Vault XP
 C = Vault XP percentage of total XP
 D = Non-vault monster count
 E = Vault monster count
 F = Vault count percentage of total count
                 A         B        C        D         E       F
            +---------+---------+-------+---------+---------+-------
      Total |     216 |      19 |   8.1 |      65 |      10 |  13.3
            +---------+---------+-------+---------+---------+-------
        D:1 |      40 |       0 |   0.0 |      24 |       0 |   0.0
        D:2 |      48 |      19 |  28.4 |      15 |      10 |  40.0
        D:3 |     128 |       0 |   0.0 |      26 |       0 |   0.0
            +---------+---------+-------+---------+---------+-------
